 Dungeon Crawl Stone Soup version 0.21-a0-578-gc6e9d75 (webtiles) character file.

4 tidbits the Charmwright (level 1, 0/9 HPs)
             Began as a Felid Skald on Dec 18, 2017.
             Succumbed to an adder's poison
             ... on level 3 of the Dungeon.
             The game lasted 00:01:03 (163 turns).

tidbits the Charmwright (Felid Skald)                Turns: 163, Time: 00:01:04

Health: 0/9        AC:  1    Str:  7    XL:     1   Next: 58%
Magic:  0/4        EV: 18    Int: 14    God:
Gold:   0          SH:  0    Dex: 15    Spells: 3/4 levels left
                                        Lives:  0   Deaths: 0

rFire    . . .     SeeInvis +     - Unarmed
rCold    . . .     Gourm    .   (shield unavailable)
rNeg     . . .     Faith    .   (armour unavailable)
rPois    .         Spirit   .   (helmet unavailable)
rElec    .         Reflect  .   (cloak unavailable)
rCorr    .         Harm     .   (gloves unavailable)
MR       .....                  (boots unavailable)
Stlth    ++........             (no amulet)
HPRegen  0.03/turn              (no ring)
MPRegen  0.09/turn              (no ring)

@: lethally poisoned (0 -> -6), infused, quick
A: very small, no armour, no weapons or thrown items, stealth, claws 1, fangs 3,
see invisible, carnivore, speed 1, shaggy fur 1, slow metabolism 1, sharp paws
a: no special abilities


You were on level 3 of the Dungeon.
You were not hungry.

You visited 1 branch of the dungeon, and saw 3 of its levels.

Inventory:

Missiles
 c - 25 stones
Scrolls
 d - a scroll of amnesia {unknown}
 e - a scroll of identify {unknown}
Books
 a - a book of Battle

   Spells                             Type                      Level
   a - Infusion                       Charms                       1
   b - Shroud of Golubria             Charms/Translocation         2
   c - Song of Slaying                Charms                       2
   d - Spectral Weapon                Hexes/Charms                 3
   e - Regeneration                   Charms/Necromancy            3
Comestibles
 b - a ration


   Skills:
 - Level 2.0 Fighting
 - Level 3.2 Dodging
 + Level 1.9 Stealth
 - Level 2.0 Unarmed Combat
 - Level 2.0 Spellcasting
 - Level 3.6 Charms


You had 3 spell levels left.
You knew the following spells:

 Your Spells              Type           Power        Failure   Level  Hunger
i - Infusion              Chrm           ##..         5%          1    ##.....


Dungeon Overview and Level Annotations

Branches:
Dungeon (3/15)

Altars:


Innate Abilities, Weirdness & Mutations

You cannot wear armour.
You are incapable of wielding weapons or throwing items.
Your paws allow you to move quietly. (Stealth)
You have sharp claws.
You have razor-sharp teeth.
You have supernaturally acute eyesight. (SInv)
You are carnivorous and can eat meat at any time.
You cover ground quickly.
You are covered in fur. (AC +1)
You have a slow metabolism.
Your sharp claws are effective at attacking unaware monsters.


Message History

Casting: Infusion
Confirm with . or Enter, or press ? or * to list all spells.
You begin infusing your attacks with magical energy.
There is a stone staircase leading down here.
You climb downwards.
Found a stone staircase leading down.
There is a stone staircase leading up here.
There is a stone staircase leading down here.
You climb downwards.
There is a stone staircase leading up here.
Found a scroll labeled CEDYDDUXKU.
Magic restored.
Found 10 gold pieces.
d - a scroll labeled CEDYDDUXKU Your magical infusion is running out.
A worm comes into view.
You are no longer magically infusing your attacks.
There is a stone staircase leading up here.
A frilled lizard and a kobold come into view.
The kobold shouts!
Casting: Infusion
Confirm with . or Enter, or press ? or * to list all spells.
You begin infusing your attacks with magical energy.
The frilled lizard hisses angrily.
You barely miss the kobold. The kobold misses you.
You scratch the kobold.
The kobold is moderately wounded.
The kobold closely misses you.
You scratch the kobold.
You kill the kobold!
You miss the frilled lizard. You scratch the frilled lizard.
You kill the frilled lizard!
Things that are here:
a club; a frilled lizard corpse; a kobold corpse Your magical infusion is running out.
A kobold comes into view. It is wielding a short sword.
You are no longer magically infusing your attacks.
The kobold shouts!
Found a scroll labeled VYDYN IZXOMU.
Casting: Infusion
Confirm with . or Enter, or press ? or * to list all spells.
You begin infusing your attacks with magical energy.
You scratch the kobold.
You kill the kobold!
Your Stealth skill increases to level 1!
Things that are here:
a short sword; a kobold corpse
e - a scroll labeled VYDYN IZXOMU Your magical infusion is running out.
You are no longer magically infusing your attacks.
An orc comes into view. It is wielding a club.
The orc shouts!
The orc barely misses you.
You scratch the orc but do no damage. You claw the orc.
The orc is heavily wounded.
The orc barely misses you.
Casting: Infusion
Confirm with . or Enter, or press ? or * to list all spells.
You begin infusing your attacks with magical energy.
The orc barely misses you.
You scratch the orc.
The orc is severely wounded.
The orc barely misses you.
You closely miss the orc. You bite the orc, but do no damage.
The orc is severely wounded.
The orc hits you but does no damage.
You scratch the orc.
You kill the orc!
Things that are here:
a club; a ring mail
Found 19 bolts.
Your magical infusion is running out.
Found a stone staircase leading down.
An adder comes into view.
There is a stone staircase leading down here.
The adder hisses angrily.
Found a stone staircase leading up.
Casting: Infusion
Confirm with . or Enter, or press ? or * to list all spells.
You extend your infusion's duration.
The adder bites you. The adder barely misses you.
You barely miss the adder. The adder completely misses you.
You miss the adder. The adder completely misses you.
You scratch the adder.
The adder is moderately wounded.
The adder bites you. The adder barely misses you.
You miss the adder. You bite the adder.
The adder is heavily wounded.
The adder bites you.
* * * LOW HITPOINT WARNING * * *
You scratch the adder.
The adder is heavily wounded.
The adder bites you.
* * * LOW HITPOINT WARNING * * *
You are lethally poisoned!
The adder poisons you!
You scratch the adder.
The adder is almost dead.
You die...

#.######.##.# #.#
#)# #.# #.## #.#
#... #.# ####
####.###### # #
#........... #
<...####>##.###.#.#
# ......S@.##.# #
###.###..##.# #
....... # ###.####
#...# # #.# #...# #
..# #...# # .##
#w..# # #...# #
.$.# #


You could see an adder.

Vanquished Creatures
  An orc (D:3)
  A frilled lizard (D:3)
  2 kobolds (D:3)
4 creatures vanquished.

Notes
Turn   | Place    | Note
-------+----------+-------------------------------------------
     0 | D:1      | tidbits the Felid Skald began the quest for the Orb.
     0 | D:1      | Reached XP level 1. HP: 9/9 MP: 4/4
    81 | D:3      | Reached skill level 1 in Stealth
   163 | D:3      | Succumbed to an adder's poison

Vault maps used:
D:1:      dpeg_arrival_lava_altar, minmay_misc_feat_columns
D:2:      overflow_temple_1_default, lightli_temple_of_fire

Skill      XL: |  1 |
---------------+----+-----
Stealth        | 1 |  1.9
Fighting       | |  2.0
Dodging        | |  3.2
Unarmed Combat | |  2.0
Spellcasting   | |  2.0
Charms         | |  3.6

Action                   || total
-------------------------++-------
Melee: Unarmed           ||    16
       Bite              ||     2
       Punch             ||     1
 Cast: Infusion          ||     5
Dodge: Dodged            ||    10

Table legend:
 A = Spawn XP
 B = Non-spawn XP
 C = Spawn XP percentage of total XP
 D = Spawn monster count
 E = Non-spawn monster count
 F = Spawn count percentage of total count
 G = Total turns spent on level
                    A         B        C        D         E        F      G
               +---------+---------+-------+---------+---------+-------+---------
         Total |       0 |       7 |   0.0 |       0 |       4 |   0.0 |   163
               +---------+---------+-------+---------+---------+-------+---------
           D:3 |       0 |       7 |   0.0 |       0 |       4 |   0.0 |   136
               +---------+---------+-------+---------+---------+-------+---------

Table legend:
 A = Turns spent in this place as a percentage of turns spent in the entire game.
 B = Non-inter-level travel turns spent in this place as a percentage of non-inter-level travel turns spent in the entire game.
 C = Inter-level travel turns spent in this place as a percentage of turns spent in this place.
 D = Turns resting spent in this place as a percentage of non-inter-level travel turns spent in this place.
 E = Turns spent auto-exploring this place as a percentage of non-inter-level travel turns spent in this place.
 F = Non-inter-level travel turns spent in this place divided by the number of levels of this place that you've seen.
                   A       B       C       D       E      F
               +-------+-------+-------+-------+-------+----------------------
         Total | 100.0 | 100.0 |   0.0 |   0.0 |   0.0 |  54.3
       Dungeon | 100.0 | 100.0 |   0.0 |   0.0 |   0.0 |  54.3
               +-------+-------+-------+-------+-------+----------------------

Table legend:
 A = Kills in this place as a percentage of kills in entire the game.
 B = Kills by you in this place as a percentage of kills by you in the entire game.
 C = Kills by friends in this place as a percentage of kills by friends in the entire game.
 D = Other kills in this place as a percentage of other kills in the entire game.
 E = Experience gained in this place as a percentage of experience gained in the entire game.
 F = Experience gained in this place divided by the number of levels of this place that you have seen.
                   A       B       C       D       E      F
               +-------+-------+-------+-------+-------+----------------------
         Total | 100.0 | 100.0 |   N/A |   N/A | 100.0 |   2.3
       Dungeon | 100.0 | 100.0 |   N/A |   N/A | 100.0 |   2.3
               +-------+-------+-------+-------+-------+----------------------

Vault maps used:
D:1:      dpeg_arrival_lava_altar, minmay_misc_feat_columns
D:2:      overflow_temple_1_default, lightli_temple_of_fire
